[Event "*** Titled Tuesday Blitz"]
[Site "Chess.com"]
[Date "2020.11.24"]
[Round "1"]
[White "HaryKane"]
[Black "pavelalexandru07"]
[Result "1-0"]
[WhiteElo "2604"]
[BlackElo "2304"]
[TimeControl "180+1"]
[EndTime "10:22:09 PST"]
[Termination "HaryKane won on time"]

1. e4 c5 2. Nf3 d6 3. d4 cxd4 4. Nxd4 Nf6 5. Nc3 a6 6. Bc4 e6 7. Bb3 b5 8. f3 Be7 9. Be3 O-O 10.
Qd2 Bb7 11. g4 Nbd7 12. g5 Nh5 13. O-O-O Nc5 14. Nce2 Nxb3+ 15. axb3 d5 16. e5 h6 17. gxh6 g6 18. Rdg1 Kh7 19. Ng3 Nxg3 20. Rxg3 Bh4 21.
Rg2 Rc8 22. Rhg1 Rg8 23. Qd3 Qe7 24. Bg5 Bxg5+ 25. Rxg5 Qf8 26. h4 Qxh6 27. Kb1 Kh8 28. f4 Rg7 29. Qg3 Rcg8 30. Rh1 Rf8 31. h5 Kg8 32.
Rg1 Kh7 33. hxg6+ Rxg6 34. Rxg6 Qxg6 35. Qf2 1-0

[Event "*** Titled Tuesday Blitz"]
[Site "Chess.com"]
[Date "2020.11.24"]
[Round "1"]
[White "Skat2704"]
[Black "Vuk2000"]
[Result "0-1"]
[WhiteElo "2393"]
[BlackElo "2754"]
[TimeControl "180+1"]
[EndTime "10:22:10 PST"]
[Termination "Vuk2000 won by resignation"]

1. d4 Nf6 2. c4 e6 3. Nf3 b6 4. g3 Ba6 5. Qc2 Bb7 6. Bg2 c5 7. O-O cxd4 8. Nxd4 Bxg2 9. Kxg2 Be7 10. Rd1 O-O 11.
Nc3 Qc8 12. e4 Qxc4 13. Be3 Nc6 14. b3 Nxd4 15. Rxd4 Qc6 16. Rc4 Qb7 17. Kg1 Rac8 18. Rd1 Rxc4 19. bxc4 Rc8 20. Qd3 d6 21. Bg5 a6 22.
Bf4 h6 23. Bxd6 Bxd6 24. Qxd6 Rxc4 25. Qd8+ Kh7 26. e5 Ne4 27. Rd7 Qc6 28. Nxe4 Qxe4 29. Rd1 b5 30. Qe7 Qf3 31. Re1 Rc2 32. Qa7 Rxa2 33. Rc1 b4 34. Qd4 b3 35. Rc7 b2 0-1

[Event "*** Titled Tuesday Blitz"]
[Site "Chess.com"]
[Date "2020.11.24"]
[Round "1"]
[White "Pogosian_Manvel"]
[Black "bascheyaro"]
[Result "0-1"]
[WhiteElo "2382"]
[BlackElo "2728"]
[TimeControl "180+1"]
[EndTime "10:22:10 PST"]
[Termination "bascheyaro won by checkmate"]

1. Nf3 d5 2. d3 Nf6 3. g3 Bg4 4. Bg2 e6 5. O-O Be7 6. Ne5 Bh5 7. Nd2 Nbd7 8. Nxd7 Qxd7 9. Qe1 O-O 10. e4 dxe4 11. Nxe4 Nxe4 12. Qxe4 c6 13. Be3 a5 14. a4 Bf6 15. Rab1 h6 16. Qc4 Rfc8 17. Rfe1 b5 18.
Qb3 b4 19. Qc4 Rab8 20. h3 c5 21. g4 Bg6 22. b3 Bd4 23. Rbd1 Kh7 24. Bf4 Rb6 25. Bg3 f5 26. Re2 fxg4 27. hxg4 e5 28. Qd5 Qxg4 29. Qf3 Bh5 30. Qe4+ Qxe4 31. Bxe4+ Kh8 32.
Rde1 Bxe2 33. Rxe2 Rf6 34. Kg2 Rcf8 35. Bh4 g5 36.
Bg3 h5 37. f3 h4 38. Bh2 Kg7 39. Bd5 Kh6 40. Kh3 Kh5 41. Kg2 g4 42. fxg4+ Kxg4 43. Bxe5 Rf2+ 44. Rxf2 h3+ 45. Kg1 Bxf2+ 46. Kh2 Re8 47.
Bd6 Bg3+ 48. Bxg3 Re2+ 49. Kg1 Kxg3 50. Be4 Re1# 0-1

[Event "*** Titled Tuesday Blitz"]
[Site "Chess.com"]
[Date "2020.11.24"]
[Round "1"]
[White "smshk35"]
[Black "GukeshDommaraju"]
[Result "1-0"]
[WhiteElo "2463"]
[BlackElo "2891"]
[TimeControl "180+1"]
[EndTime "10:22:11 PST"]
[Termination "smshk35 won by checkmate"]

1. e4 c6 2. d4 d5 3. e5 Bf5 4. h4 h5 5. Bg5 Qb6 6. Bd3 Bxd3 7. Qxd3 Qxb2 8. e6 Qxa1 9. Qb3 Qxd4 10. Qxb7 fxe6 11.
Be3 Qa4 12. Qxa8 Qb4+ 13. Nd2 Nf6 14. Bxa7 Nd7 15. Nf3 Qb5 16. Nd4 Qa6 17. Nxe6 Kf7 18. Nc7 Qc8 19. Bxb8 Nxb8 20. Qa7 Nd7 21. Nf3 e5 22. Ng5+ Kg6 23. Nce6 Bd6 24. O-O Rg8 25. f4 exf4 26. Qd4 Nf6 27. Qd3+ Kh6 28. Rxf4 Rf8 29.
Rxf6+ Rxf6 30. Qh7# 1-0

[Event "*** Titled Tuesday Blitz"]
[Site "Chess.com"]
[Date "2020.11.24"]
[Round "1"]
[White "GMKrikor"]
[Black "anon481216"]
[Result "1/2-1/2"]
[WhiteElo "2740"]
[BlackElo "2396"]
[TimeControl "180+1"]
[EndTime "10:22:11 PST"]
[Termination "Game drawn by repetition"]

1. e4 c5 2. Nf3 Nf6 3. Nc3 d5 4. exd5 Nxd5 5. Ne5 e6 6. Bb5+ Nd7 7. Nxd5 exd5 8. Qf3 Qe7 9. Qxd5 a6 10. Bxd7+ Bxd7 11. Qxd7+ Qxd7 12. Nxd7 Kxd7 13. d3 Bd6 14. Be3 Rhe8 15.
Kd2 f5 16. g3 Kc6 17. Rhe1 b6 18. Re2 Re7 19. Rae1 Rae8 20. Bg5 Rxe2+ 21. Rxe2 Rxe2+ 22. Kxe2 Be5 23. b3 g6 24. Kd2 b5 25. Be3 Kd5 26. c4+ Kc6 27. Ke2 Bf6 28. Kf3 Be5 29. h3 h5 30. g4 hxg4+ 31. hxg4 Bd6 32. Bf4 Be7 33. Kg3 Kd7 34. gxf5 gxf5 35. Be3 Ke6 36. Kf4 Bd6+ 37. Kf3 Be7 38. Bf4 Bf6 39. Be3 Be7 40. Kf4 Bd6+ 41. Kg5 Be7+ 42. Kg6 Bd6 43. f3 Be7 44. d4 cxd4 45.
Bxd4 bxc4 46. bxc4 Bb4 47. Be3 Be7 48. Bd4 Bb4 49.
Kg5 Bd2+ 50. Kg6 Bb4 1/2-1/2

[Event "*** Titled Tuesday Blitz"]
[Site "Chess.com"]
[Date "2020.11.24"]
[Round "1"]
[White "zurzan"]
[Black "Angel_Hranitel_37"]
[Result "0-1"]
[WhiteElo "2079"]
[BlackElo "2496"]
[TimeControl "180+1"]
[EndTime "10:22:11 PST"]
[Termination "Angel_Hranitel_37 won by resignation"]

1. f4 g6 2. Nf3 Bg7 3. g3 d5 4. Bg2 b6 5. O-O Bb7 6. d3 e6 7. c3 Ne7 8. a4 c5 9. Na3 Nbc6 10. e4 dxe4 11. dxe4 O-O 12. Qe2 a6 13. Rd1 Qc7 14. Be3 e5 15. f5 gxf5 16. exf5 Nxf5 17. Bf2 Rad8 18. Nc4 b5 19. Ne3 Nxe3 20. Bxe3 c4 21. Qf2 Rxd1+ 22. Rxd1 Rd8 23. Rxd8+ Qxd8 24. axb5 axb5 25.
h4 Qd1+ 26. Kh2 e4 27. Nd4 Ne5 28. Bh3 Nf3+ 29. Nxf3 exf3 30. h5 Qe2 31. Bd7 Bh6 32. Bd4 Bd2 33. Bxb5 Be1 34. Qxe2 fxe2 35. Bxc4 Bxg3+ 36.
Kxg3 e1=Q+ 37. Bf2 Qe5+ 38. Kh4 Qf4+ 0-1

[Event "*** Titled Tuesday Blitz"]
[Site "Chess.com"]
[Date "2020.11.24"]
[Round "1"]
[White "QuintilianoR"]
[Black "Andrii_Prydun"]
[Result "1-0"]
[WhiteElo "2666"]
[BlackElo "2346"]
[TimeControl "180+1"]
[EndTime "10:22:12 PST"]
[Termination "QuintilianoR won on time"]

1. Nf3 d5 2. d4 Nf6 3. c4 c6 4. e3 e6 5. Bd3 Nbd7 6. b3 Bb4+ 7.
Nbd2 Qe7 8. O-O O-O 9. Bb2 Ba3 10. Bxa3 Qxa3 11. Qc2 Qe7 12. e4 dxe4 13. Nxe4 e5 14. Rfe1 exd4 15. Neg5 Qd6 16. Bxh7+ Kh8 17. Rad1 c5 18.
Bf5 b6 19. Be4 Rb8 20. Bd5 Bb7 21. Nxf7+ Rxf7 22. Bxf7 Bxf3 23. gxf3 Ne5 24. Qf5 Nxf7 25. Re6 Qd8 26. Kh1 Rb7 27. Rg1 Nh6 28. Qf4 Rf7 29.
Qg5 Qd7 30. Rge1 Qb7 31. Qg2 Nh5 32. Re8+ Kh7 33. R8e4 Nf6 34. Rf4 Nh5 35. Rh4 1-0

[Event "*** Titled Tuesday Blitz"]
[Site "Chess.com"]
[Date "2020.11.24"]
[Round "1"]
[White "Ermito2020"]
[Black "jens1102"]
[Result "1-0"]
[WhiteElo "2634"]
[BlackElo "2334"]
[TimeControl "180+1"]
[EndTime "10:22:12 PST"]
[Termination "Ermito2020 won by resignation"]

1. e4 e5 2. Nf3 Nc6 3. d4 exd4 4.
Bc4 Bc5 5. c3 Nf6 6. e5 d5 7. Bb5 Ne4 8. cxd4 Bb6 9. Nc3 O-O 10.
Be3 Bg4 11. h3 Bxf3 12. gxf3 Nxc3 13. bxc3 f6 14. f4 Ne7 15. Bd3 fxe5 16. fxe5 Nf5 17. Qg4 Nxe3 18. fxe3 Qe7 19. Ke2 Rf7 20. Rhf1 Raf8 21.
Rf4 Qa3 22. Rg1 Qb2+ 23. Kf3 Qxc3 24. Bf5 Kh8 25. Qh5 g6 26. Rxg6 Qe1 27. Rg2 Qd1+ 28.
Re2 Rg7 29. Bg4 Qh1+ 30. Kg3 Qg1+ 31. Kh4 Rxf4 32. exf4 Bxd4 33. Qf5 Bf2+ 34. Kh5 Qg3 35. Qf8+ Rg8 36. Qf6+ Rg7 37. Rxf2 Qxf2 38. Kh6 Qh4+ 39.
Qxh4 Rg6+ 40. Kh5 Rg8 41. Qf6+ Rg7 1-0

[Event "*** Titled Tuesday Blitz"]
[Site "Chess.com"]
[Date "2020.11.24"]
[Round "1"]
[White "Michaelson_11"]
[Black "JustKid"]
[Result "0-1"]
[WhiteElo "2120"]
[BlackElo "2511"]
[TimeControl "180+1"]
[EndTime "10:22:12 PST"]
[Termination "JustKid won by resignation"]

1. e4 d5 2. exd5 Qxd5 3. Nc3 Qd8 4. d4 Nf6 5. Bc4 a6 6. Nf3 b5 7. Bb3 c5 8. dxc5 Qxd1+ 9. Nxd1 e6 10. Be3 Bb7 11.
a4 b4 12. c3 bxc3 13. Nxc3 Nbd7 14. a5 Bxc5 15. Ke2 Ke7 16. Na4 Bxe3 17. fxe3 Rab8 18. Bc4 Rhc8 19. Rac1 Nd5 20. b3 Bc6 21. Bxa6 Rc7 22. Nc5 Nxc5 23. Rxc5 Rxb3 24. Rhc1 Kd6 25.
Nd4 Rb2+ 26. Kd3 Nb4+ 27. Kc3 Nxa6 28. Rxc6+ Rxc6+ 29. Nxc6 Rxg2 30. Kb3 Nc5+ 31. Kb4 Rb2+ 32. Ka3 Rb3+ 33. Ka2 Kxc6 34. Rxc5+ Kxc5 35. Kxb3 f5 36. Kc3 e5 37. Kd3 f4 38. exf4 exf4 39. Ke4 g5 40. h4 h6 41. hxg5 hxg5 42. Kf3 Kb5 0-1

[Event "*** Titled Tuesday Blitz"]
[Site "Chess.com"]
[Date "2020.11.24"]
[Round "1"]
[White "LiderChessAcademy"]
[Black "Ashedu66"]
[Result "1-0"]
[WhiteElo "2544"]
[BlackElo "2239"]
[TimeControl "180+1"]
[EndTime "10:22:13 PST"]
[Termination "LiderChessAcademy won by resignation"]

1. d4 d5 2. c4 c6 3. cxd5 cxd5 4.
Nc3 Nf6 5. Bf4 a6 6. e3 Nc6 7. Bd3 e6 8. Nf3 Be7 9. h3 O-O 10. Rc1 Bd7 11. O-O Rc8 12. Qe2 b5 13. Ne5 Qb6 14.
g4 Be8 15. g5 Nd7 16. Qh5 g6 17. Nxd7 Bxd7 18. Qh6 Rfd8 19. Ne2 Bf8 20. Qh4 Bg7 21. Qg3 Re8 22. h4 Ne7 23. Be5 Bxe5 24. Qxe5 Nc6 25.
Qf6 Qd8 26. Qf4 e5 27. dxe5 Nxe5 28. Bb1 Qe7 29. Nd4 Rxc1 30. Rxc1 Rc8 31. Rxc8+ Bxc8 32. Bc2 Kg7 33. Bb3 Bb7 34. Kf1 Nc4 35. h5 gxh5 36. Nf5+ 1-0

[Event "*** Titled Tuesday Blitz"]
[Site "Chess.com"]
[Date "2020.11.24"]
[Round "1"]
[White "markberk"]
[Black "mbojan"]
[Result "0-1"]
[WhiteElo "2361"]
[BlackElo "2682"]
[TimeControl "180+1"]
[EndTime "10:22:14 PST"]
[Termination "mbojan won by resignation"]

1. Nf3 g6 2. e4 Bg7 3. d4 d6 4. Nc3 a6 5. Bg5 b5 6. Bd3 Nc6 7. d5 Nb8 8. Qd2 c5 9. dxc6 Nxc6 10. O-O-O Bg4 11. Kb1 h6 12. Bf4 Bxf3 13. gxf3 Nf6 14.
Nd5 Nxd5 15. exd5 Ne5 16. Bxe5 Bxe5 17. f4 Bf6 18. h4 Qb6 19. h5 g5 20. fxg5 Bxg5 21. f4 Bf6 22. Bf5 Kd8 23. Rhe1 Kc7 24. Re3 Rhg8 25. Rde1 Rae8 26. c3 Qc5 27. Qe2 Kb6 28.
Qd3 Rg2 29. Bd7 Rd8 30. Bc6 b4 31. Rc1 bxc3 32. bxc3 Rb8 33. Rc2 Ka7+ 34. Kc1 Rg1+ 35. Kd2 Rbb1 36. Qe2 Rbd1+ 0-1

[Event "*** Titled Tuesday Blitz"]
[Site "Chess.com"]
[Date "2020.11.24"]
[Round "1"]
[White "RestartingChess"]
[Black "Sueetin"]
[Result "1-0"]
[WhiteElo "2561"]
[BlackElo "2264"]
[TimeControl "180+1"]
[EndTime "10:22:14 PST"]
[Termination "RestartingChess won on time"]

1. e4 c5 2. Nf3 e6 3. b3 Nc6 4. Bb2 Nge7 5. Be2 d6 6. O-O e5 7. c3 g6 8. d4 cxd4 9. cxd4 Bg7 10. dxe5 dxe5 11. Qxd8+ Kxd8 12. Rd1+ Ke8 13. Nc3 f6 14. Nb5 Rb8 15. Nc7+ Kf8 16. Ba3 Bh6 17. Nd5 Kf7 18. Bc4 Be6 19. Nxe7 Nxe7 20. Bxe6+ Kxe6 21. Rd6+ Kf7 22. Rd7 Rhe8 23. Rad1 Bf8 24. Nd2 Red8 25. Nc4 Rxd7 26. Rxd7 Ke8 27. Rc7 Kd8 28. Bd6 Nc8 29. Rd7+ Kxd7 30. Bxb8 Bc5 31. Kf1 a6 32. f4 Nd6 33.
fxe5 Nxe4 34. exf6 Nxf6 35. Be5 Ke6 36. Bxf6 Kxf6 37.
Ke2 Kf5 38. Kf3 g5 39. g4+ Ke6 40. Ke4 h6 41. h3 Be7 42. Ne5 Bf6 43. Nd3 Be7 44.
Nb2 Bd6 45. Nc4 Bc7 46. Ne3 Bd8 47. Nf5 1-0

[Event "*** Titled Tuesday Blitz"]
[Site "Chess.com"]
[Date "2020.11.24"]
[Round "1"]
[White "MIJuanReyesRosa"]
[Black "FLamps8"]
[Result "1-0"]
[WhiteElo "2071"]
[BlackElo "2472"]
[TimeControl "180+1"]
[EndTime "10:22:14 PST"]
[Termination "MIJuanReyesRosa won by checkmate"]

1. d4 d5 2. c4 e6 3. Nc3 c6 4.
e3 Bd6 5. Bd3 f5 6. Nge2 Nf6 7.
Qc2 O-O 8. Bd2 Ne4 9. O-O Rf6 10. Bxe4 fxe4 11. f3 exf3 12. Rxf3 Rxf3 13. gxf3 e5 14. Ng3 exd4 15. exd4 Qh4 16. Nce2 Be6 17. cxd5 Bxd5 18. Qf5 Qd8 19. Bg5 Qc7 20. Nf4 Bf7 21. Ne6 Qd7 22. Nxg7 Bxg3 23. hxg3 Kxg7 24. Qf6+ Kg8 25. Bh6 Bg6 26.
Re1 Qf7 27. Qd8+ Qe8 28. Rxe8+ Kf7 29. Qe7# 1-0

[Event "*** Titled Tuesday Blitz"]
[Site "Chess.com"]
[Date "2020.11.24"]
[Round "1"]
[White "Snegokhod"]
[Black "GM_Levan_Pantsulaia"]
[Result "0-1"]
[WhiteElo "2424"]
[BlackElo "2828"]
[TimeControl "180+1"]
[EndTime "10:22:15 PST"]
[Termination "GM_Levan_Pantsulaia won on time"]

1. d4 Nf6 2. c4 c5 3. Nf3 cxd4 4. Nxd4 a6 5. Nc3 e6 6. g3 Qc7 7. Bg2 Qxc4 8. O-O Nc6 9. Be3 Ng4 10. Rc1 Nxe3 11. fxe3 Qb4 12. Nxc6 bxc6 13. Rf4 Qxb2 14. Na4 Qe5 15. Re4 Qc7 16. Rec4 Bb7 17. Qd4 h5 18. h4 e5 19. Qc3 Be7 20. Nc5 d5 21. Nxb7 dxc4 22. Na5 O-O 23. Nxc6 Bc5 24. Nxe5 Rac8 25. Kh2 Rfe8 26. Nxc4 Be7 27. Qd3 Bxh4 28. e4 Bf6 29. Rc2 Rcd8 30. Ne3 Rxd3 0-1

[Event "*** Titled Tuesday Blitz"]
[Site "Chess.com"]
[Date "2020.11.24"]
[Round "1"]
[White "freshfoodcompany"]
[Black "Son_of_Sultan"]
[Result "0-1"]
[WhiteElo "2375"]
[BlackElo "2723"]
[TimeControl "180+1"]
[EndTime "10:22:16 PST"]
[Termination "Son_of_Sultan won by resignation"]

1. d4 d5 2. c4 e6 3. Nc3 Bb4 4. cxd5 exd5 5. Bf4 Nf6 6. e3 O-O 7. Bd3 c5 8. Ne2 Bg4 9. O-O Nbd7 10. f3 Bh5 11.
Bc2 Bg6 12. Bxg6 hxg6 13. Bg5 Bxc3 14. Nxc3 Qb6 15. Bxf6 Nxf6 16. Na4 Qe6 17. Re1 c4 18. Nc3 Rfe8 19. Qd2 Qc6 20. Re2 b5 21. Rae1 b4 22.
Nd1 a5 23. Nf2 Qa4 24. e4 Qxa2 25. e5 Nd7 26. e6 fxe6 27. Rxe6 Rxe6 28. Rxe6 Nf8 29.
Re2 Rc8 30. Nd1 Qb1 31. Kf2 c3 32. bxc3 b3 33. Qb2 Qxb2 34. Nxb2 Rxc3 35. Ke1 Kf7 36. Kd1 Ne6 37. Re5 Rc2 38. Nd3 Rxg2 39. Rxd5 a4 40.
Rb5 Nxd4 41. Rb4 a3 42. Rxd4 a2 43. Ra4 b2 44. Nxb2 Rxb2 45. Ra7+ Kg8 46. Ra8+ Kh7 47.
h4 Rb1+ 48. Kc2 a1=Q 49. Rxa1 Rxa1 0-1

[Event "*** Titled Tuesday Blitz"]
[Site "Chess.com"]
[Date "2020.11.24"]
[Round "1"]
[White "PavelShkapenko"]
[Black "SchieberSpieler"]
[Result "1-0"]
[WhiteElo "2689"]
[BlackElo "2368"]
[TimeControl "180+1"]
[EndTime "10:22:16 PST"]
[Termination "PavelShkapenko won by resignation"]

1. e4 e6 2. d4 d5 3. exd5 exd5 4. Nf3 Nf6 5. c4 Bb4+ 6. Nc3 O-O 7. Be2 Nc6 8. h3 dxc4 9. Bxc4 Re8+ 10. Be3 Be6 11.
Bxe6 Rxe6 12. O-O Nd5 13. Bd2 h6 14. Qb3 Bxc3 15. bxc3 Nb6 16. Rfe1 Rxe1+ 17. Rxe1 Na5 18. Qb5 Nac4 19. Qf5 Nxd2 20. Nxd2 Qd5 21. Qxd5 Nxd5 22. c4 Nb6 23. Rc1 Rd8 24. Nb3 Nd7 25. Na5 b6 26. Nc6 Re8 27. Kf1 a5 28. f3 Re3 29.
Rc2 Kf8 30. Kf2 Rd3 31. Ke2 Ra3 32. Na7 Ra4 33. Nb5 c6 34. Na7 Nb8 35. Kd3 Ke8 36.
Rb2 Na6 37. Nxc6 Nb4+ 38. Nxb4 axb4 39. c5 bxc5 40. dxc5 Kd7 41. Kc4 Kc6 42. Re2 g5 43. Kb3 Ra7 44. Kxb4 Rb7+ 45. Kc4 Rb4+ 1-0

[Event "*** Titled Tuesday Blitz"]
[Site "Chess.com"]
[Date "2020.11.24"]
[Round "1"]
[White "kakorrhaphiophobie"]
[Black "Meri-Arabidze"]
[Result "0-1"]
[WhiteElo "2325"]
[BlackElo "2617"]
[TimeControl "180+1"]
[EndTime "10:22:16 PST"]
[Termination "Meri-Arabidze won by resignation"]

1. e4 c5 2. d4 e6 3. d5 e5 4. c4 d6 5. Nc3 g6 6. g3 Bg7 7. Bg2 f5 8. Nf3 Nf6 9. exf5 Bxf5 10.
O-O O-O 11. Ng5 Qe7 12. Ne6 Bxe6 13. dxe6 Nc6 14. Nd5 Qxe6 15. Nc7 Qe7 16. Nxa8 Rxa8 17. Bxc6 bxc6 18. Bg5 Rd8 19. Qe2 d5 20. Rfe1 h6 21.
Bxf6 Qxf6 22. Rad1 e4 23. cxd5 cxd5 24. Qb5 Qf8 25. b3 Bd4 26. Re2 Qf3 27. Rf1 e3 28. fxe3 Bxe3+ 29. Rxe3 Qxe3+ 30. Kg2 Qe4+ 31. Kg1 Re8 32. Qa6 Qd4+ 33. Kg2 Qe4+ 34. Kg1 h5 35. Qf6 Qe6 36. Qxe6+ Rxe6 37. Rd1 d4 38. b4 cxb4 39. Rxd4 Re2 40. Rxb4 Rxa2 41. Rb7 a5 42. h4 a4 43. Ra7 a3 44. Kh1 Kf8 45. Kg1 Ke8 46.
Kh1 Kd8 47. Ra6 Kc7 48. Rxg6 Rb2 49. Ra6 a2 0-1

[Event "*** Titled Tuesday Blitz"]
[Site "Chess.com"]
[Date "2020.11.24"]
[Round "1"]
[White "kkpanu9"]
[Black "2nd_life"]
[Result "0-1"]
[WhiteElo "2057"]
[BlackElo "2489"]
[TimeControl "180+1"]
[EndTime "10:22:16 PST"]
[Termination "2nd_life won on time"]

1. e4 e5 2. Nf3 Nc6 3. d4 exd4 4. Nxd4 Bb4+ 5. c3 Be7 6. Be2 Nf6 7. Qc2 d5 8. Nxc6 bxc6 9. exd5 cxd5 10. Bf4 O-O 11.
O-O Be6 12. Nd2 c5 13. Rfd1 Qb6 14. Bf3 h6 15. h3 Rfd8 16. Nf1 Rac8 17. Qb3 Qa6 18.
Qc2 d4 19. cxd4 cxd4 20. Qd3 Bc4 21. Qd2 Qb5 22. Ng3 Bb4 23. Qc1 Bxa2 24. Rxa2 Rxc1 25. Rxc1 d3 26. Rd1 d2 27. b3 Re8 28. Bxd2 Bxd2 29. Raxd2 Qxb3 30. Be2 a5 31. Bf1 a4 32. Rd3 Qc2 33. R3d2 Qc5 34. Nf5 Qxf5 35. Bd3 Qa5 36.
Ra2 Rd8 37. Be2 Rxd1+ 38. Bxd1 a3 39. Bb3 Ne4 40. Kh2 Nc3 41. Ra1 Qc7+ 42. g3 Qc5 43. Kg2 Ne4 0-1

[Event "*** Titled Tuesday Blitz"]
[Site "Chess.com"]
[Date "2020.11.24"]
[Round "1"]
[White "Shankland"]
[Black "crazy_but_lazy"]
[Result "1-0"]
[WhiteElo "2902"]
[BlackElo "2443"]
[TimeControl "180+1"]
[EndTime "10:22:17 PST"]
[Termination "Shankland won by checkmate"]

1. e4 e6 2. d4 d5 3. Nd2 Be7 4.
Ngf3 c5 5. exd5 exd5 6. Bb5+ Bd7 7.
Bxd7+ Nxd7 8. O-O Ngf6 9. dxc5 Nxc5 10. Re1 O-O 11. Nf1 Re8 12. Be3 b6 13. Bd4 Nce4 14. Ne3 Bc5 15. c3 Qd7 16. Qd3 Rad8 17. Rad1 h6 18.
Re2 Qa4 19. a3 Qc6 20. Rde1 Re6 21. Bxf6 Nxf6 22. Nd4 Bxd4 23. Qxd4 Re4 24. Qd3 Rde8 25. Nxd5 Rxe2 26. Nxf6+ Qxf6 27. Rxe2 Rd8 28. Qc2 h5 29. h3 g6 30. Qe4 Rd1+ 31. Kh2 Qd6+ 32. g3 Kg7 33. h4 Ra1 34. Kg2 Qd1 35. Qd4+ Qxd4 36. cxd4 Rd1 37. Re7 Rxd4 38. Rxa7 Rd2 39. b4 Ra2 40. b5 Kf6 41. a4 Ke6 42. Ra6 Ke5 43. Rxb6 Rxa4 44. Rb7 Kf6 45. b6 Rb4 46. Kf3 Rb2 47. Ke3 Ke6 48. Rb8 f6 49. b7 Kf5 50.
f3 Rb3+ 51. Kd4 Rb1 52. Kc3 Rb6 53. Kd2 Rb2+ 54. Kd3 Rb3+ 55. Kd4 Rb1 56. g4+ hxg4 57. fxg4+ Kxg4 58. h5 Kxh5 59. Rh8+ Kg4 60. b8=Q Rxb8 61. Rxb8 f5 62. Ke3 g5 63. Kf2 f4 64. Rb3 Kh4 65. Kf3 Kh5 66. Rb1 Kh4 67. Rh1# 1-0

[Event "*** Titled Tuesday Blitz"]
[Site "Chess.com"]
[Date "2020.11.24"]
[Round "1"]
[White "RD4ever"]
[Black "Qvalda"]
[Result "1-0"]
[WhiteElo "2825"]
[BlackElo "2422"]
[TimeControl "180+1"]
[EndTime "10:22:17 PST"]
[Termination "RD4ever won by resignation"]

1. d4 d5 2. c4 dxc4 3. e4 e5 4. Nf3 exd4 5. Bxc4 Nc6 6. O-O Be6 7. Bb5 Bc5 8. b4 Bb6 9. a4 a6 10. Bxc6+ bxc6 11. a5 Ba7 12. Bb2 Nf6 13. Bxd4 Nxe4 14. Bxa7 Qxd1 15. Rxd1 Rxa7 16. Nd4 Bd5 17. f3 Nd6 18.
Nc3 O-O 19. Nxd5 cxd5 20. Nc6 Rb7 21. Rxd5 Re8 22. Kf2 g6 23. Rc1 Rb5 24. Rdc5 Kg7 25. g4 h6 26. R1c2 Kg8 27. Rxb5 Nxb5 28. Re2 Rxe2+ 29.
Kxe2 Kf8 30. Kd3 Ke8 31. Nb8 Kd8 32. Nxa6 Kc8 33. Nc5 c6 34. Ke4 f6 35. h4 Nc3+ 36. Kd4 Ne2+ 37. Ke3 Nc3 38. Ne4 Nd5+ 39. Kd4 Nxb4 40.
Kc5 Nd3+ 41. Kb6 Kb8 42. Nxf6 c5 43. Nd7+ Ka8 44. Nxc5 Ne5 45. Ne6 Nxf3 46. a6 Ng5 47. Nc7+ 1-0

[Event "*** Titled Tuesday Blitz"]
[Site "Chess.com"]
[Date "2020.11.24"]
[Round "1"]
[White "kanzaww"]
[Black "denispopov"]
[Result "1-0"]
[WhiteElo "2473"]
[BlackElo "1832"]
[TimeControl "180+1"]
[EndTime "10:22:18 PST"]
[Termination "kanzaww won by checkmate"]

1. e4 c5 2. Nf3 Nc6 3. d4 cxd4 4. Nxd4 e5 5. Nb5 a6 6. Nd6+ Bxd6 7. Qxd6 Qf6 8. Qd2 Qg6 9. Nc3 Nge7 10. a3 O-O 11. Qg5 d6 12. h4 Be6 13. Qxg6 hxg6 14. h5 gxh5 15. Rxh5 d5 16. exd5 Nxd5 17. Nxd5 Bxd5 18. Be3 g6 19. Rh4 Rfd8 20. O-O-O f5 21. Bg5 Rd7 22.
Rxd5 Rxd5 23. Bc4 Rd8 24. Bxd8 Nxd8 25. Bxd5+ Kg7 26. Rc4 b5 27. Rc7+ Kf6 28. Ra7 a5 29. Rxa5 Ke7 30. Rxb5 Kd6 31. a4 Ne6 32. Bxe6 Kxe6 33.
a5 Kd6 34. a6 Kc6 35. c4 Kc7 36. a7 Kc6 37. a8=Q+ Kd7 38. Qa6 Ke7 39. Rb7+ Kf8 40. Qa8# 1-0

[Event "*** Titled Tuesday Blitz"]
[Site "Chess.com"]
[Date "2020.11.24"]
[Round "1"]
[White "maciek_92"]
[Black "Caisachess"]
[Result "1-0"]
[WhiteElo "2763"]
[BlackElo "2396"]
[TimeControl "180+1"]
[EndTime "10:22:19 PST"]
[Termination "maciek_92 won on time"]

1. e4 e5 2. Nf3 Nc6 3. Bb5 f5 4. d3 fxe4 5. dxe4 Nf6 6. O-O Bc5 7. Bg5 d6 8. Nbd2 O-O 9. c3 a6 10. Bc4+ Kh8 11. a4 Bg4 12. Qe1 Qe8 13. h3 Bd7 14. b4 Ba7 15. Be3 Nh5 16. Bxa7 Rxa7 17. Qe3 Nf4 18.
h4 Ra8 19. g3 Ng6 20. Kh2 Bg4 21. Ng1 Be6 22. Be2 Nge7 23. f4 Ng8 24. f5 Bf7 25. g4 d5 26. b5 d4 27. Qg3 dxc3 28. bxc6 cxd2 29. cxb7 Rb8 30. Bxa6 Qc6 31. Qd3 Rfd8 32. Qe2 Rd4 33. Bb5 Qh6 34. Nf3 Qf4+ 35. Kh1 Rxe4 36. Ng5 Bd5 37. Qg2 1-0

[Event "*** Titled Tuesday Blitz"]
[Site "Chess.com"]
[Date "2020.11.24"]
[Round "1"]
[White "tvjosue"]
[Black "Lady_Nika"]
[Result "1-0"]
[WhiteElo "2659"]
[BlackElo "2340"]
[TimeControl "180+1"]
[EndTime "10:22:20 PST"]
[Termination "tvjosue won by checkmate"]

1. b3 d5 2. Bb2 e6 3. e3 f5 4. f4 Nf6 5. Nf3 Bd6 6. Be2 O-O 7. O-O c6 8. d3 Nbd7 9. c4 b6 10. Nd4 Bb7 11. Nxe6 Qe7 12. Nxf8 Qxe3+ 13. Kh1 Rxf8 14. Nc3 d4 15. Bc1 Qe7 16. Nb1 c5 17. Bf3 Bxf3 18. Qxf3 Ng4 19. Bd2 Qh4 20. h3 Re8 21. Na3 Ne3 22.
Rae1 Nxf1 23. Rxe8+ Kf7 24. Be1 Qxf4 25. Qxf4 Bxf4 26.
Ra8 a5 27. Nb5 Kg6 28. Ra7 Ne5 29. Rb7 Nxd3 30. Rxb6+ Kh5 31. Bxa5 Bh2 32. g4+ fxg4 33. hxg4+ Kxg4 34. Kg2 Ne3+ 35. Kxh2 Kf3 36. Rb7 g5 37. Rf7+ Nf4 38. Bc7 d3 39. Bxf4 gxf4 40. Rd7 d2 41. Nc3 Kf2 42. Ne4+ Ke1 43. Nxd2 Ng4+ 44. Kg2 Ne5 45.
Rd5 Ng4 46. Nf1 Ne3+ 47. Nxe3 fxe3 48. Rxc5 Kd2 49. Re5 Kc3 50. Rxe3+ Kb2 51. c5 Kxa2 52. c6 h5 53. c7 h4 54. c8=Q h3+ 55. Kxh3 Ka3 56.
Qa6+ Kb2 57. Qe2+ Ka3 58. b4+ Ka4 59. Qa6+ Kxb4 60. Qa3+ Kb5 61. Rc3 Kb6 62. Rc5 Kb7 63. Qa5 Kb8 64. Rc3 Kb7 65. Rc7+ Kb8 66. Qa7# 1-0

[Event "*** Titled Tuesday Blitz"]
[Site "Chess.com"]
[Date "2020.11.24"]
[Round "1"]
[White "svilson23"]
[Black "CheckThis4"]
[Result "0-1"]
[WhiteElo "2264"]
[BlackElo "2560"]
[TimeControl "180+1"]
[EndTime "10:22:20 PST"]
[Termination "CheckThis4 won on time"]

1. d4 Nf6 2. Bg5 d5 3. Bxf6 exf6 4.
e3 c6 5. g3 Bd6 6. Bg2 Nd7 7.
Ne2 f5 8. Nd2 Nf6 9. c4 dxc4 10.
Nxc4 Bc7 11. O-O h5 12. h4 Be6 13. Rc1 Ng4 14. Nf4 g5 15. Nxe6 fxe6 16. Qb3 gxh4 17. Ne5 Bxe5 18. dxe5 Qe7 19. Rfd1 O-O 20. Rd6 Rae8 21. Rcd1 Nxe5 22. f4 Ng4 23. Rd7 Qf6 24. Qxb7 hxg3 25. Rh7 Rb8 26. Qxa7 Rbd8 27. Rdd7 Rxd7 28.
Qxd7 Nxe3 29. Bxc6 Ng4 30. Rxh5 Nh6 31. Rg5+ Kh8 32. Rxg3 Rd8 33. Qa7 Rd1+ 34. Kh2 Rd2+ 0-1

[Event "*** Titled Tuesday Blitz"]
[Site "Chess.com"]
[Date "2020.11.24"]
[Round "1"]
[White "shriyanasmallya"]
[Black "londonkid"]
[Result "1-0"]
[WhiteElo "1678"]
[BlackElo "2452"]
[TimeControl "180+1"]
[EndTime "10:22:20 PST"]
[Termination "shriyanasmallya won by resignation"]

1. e4 e6 2. d4 d5 3. Nd2 Nf6 4. e5 Nfd7 5. Bd3 c5 6. c3 Nc6 7.
Ne2 Qb6 8. Nf3 cxd4 9. cxd4 f6 10. exf6 Nxf6 11. O-O Bd6 12. Ne5 Nxe5 13. dxe5 Bxe5 14. Qa4+ Bd7 15. Qh4 O-O 16. Kh1 Bc6 17. f4 Bd6 18.
b3 Rae8 19. Bb2 h6 20. Ng3 Bb5 21. Bxb5 Qxb5 22. f5 Bxg3 23. Qxg3 exf5 24. Rxf5 Re6 25. Raf1 Qe2 26. Ba3 Rf7 27. Qb8+ Kh7 28. Qxa7 Ree7 29. Bxe7 Qxe7 30. Qd4 Qe2 31. h3 Re7 32. Qc5 Re3 33. Qc7 Rg3 34. Qxg3 1-0